 Dungeon Crawl Stone Soup version 0.21-a0-440-g28109cb (webtiles) character file.

2634 mortelune the Fighter (level 9, -2/89 HPs)
             Began as a Minotaur Fighter on Nov 11, 2017.
             Was a Follower of Okawaru.
             Slain by a yak (7 damage)
             ... on level 7 of the Dungeon.
             The game lasted 00:24:48 (7628 turns).

mortelune the Fighter (Minotaur Fighter)            Turns: 7628, Time: 00:24:48

Health: -2/89      AC:  8    Str: 31    XL:     9   Next: 35%
Magic:  17/17      EV:  8    Int:  7    God:    Okawaru [*.....]
Gold:   484        SH: 10    Dex:  5    Spells: 8/8 levels left

rFire    . . .     SeeInvis .   G - +1 long sword of Doors {freeze, rN+}
rCold    . . .     Gourm    .   c - +0 shield
rNeg     + . .     Faith    .   R - +1 ring mail "Hyhymumi" {rElec Str+7 Int+2 Dex-5}
rPois    .         Spirit   .   (helmet restricted)
rElec    +         Reflect  .   u - +1 cloak
rCorr    .         Harm     .   (no gloves)
MR       .....                  (no boots)
Stlth    ..........             (no amulet)
HPRegen  0.24/turn              C - ring of wizardry
MPRegen  0.15/turn              p - ring of magical power

@: about to teleport, very slightly contaminated, invisible
A: retaliatory headbutt, horns 2
a: Heroism, Renounce Religion


You were on level 7 of the Dungeon.
You worshipped Okawaru.
Okawaru was aware of your devotion.
You were near starving.

You visited 2 branches of the dungeon, and saw 9 of its levels.

You collected 484 gold pieces.

Inventory:

Hand Weapons
 a - a +1 war axe
 e - a +0 hunting sling
 y - a +2 hand axe of pain
 G - the +1 long sword of Doors (weapon) {freeze, rN+}
   (You found it on level 6 of the Dungeon)

   It has been specially enchanted to freeze those struck by it, causing extra
   injury to most foes and up to half again as much damage against particularly
   susceptible opponents.
   It can also slow down cold-blooded creatures.
   It protects you from negative energy.
 L - a +0 flail of crushing
 M - a +0 hand crossbow
 P - a +0 broad axe
Missiles
 N - 39 bolts
Armour
 b - a +0 scale mail
 c - a +0 shield (worn)
 d - a +0 chain mail
 u - a +1 cloak (worn)
 R - the +1 ring mail "Hyhymumi" (worn) {rElec Str+7 Int+2 Dex-5}
   (You took it off an orc on level 7 of the Dungeon)

   It affects your strength (+7).
   It affects your intelligence (+2).
   It affects your dexterity (-5).
   It insulates you from electricity.
Jewellery
 n - an uncursed ring of fire
 p - a ring of magical power (right hand)
 q - an uncursed ring of fire
 C - a ring of wizardry (left hand)
 F - an uncursed amulet of harm
 J - a cursed amulet of inaccuracy
Scrolls
 g - a scroll of fear
 h - a scroll of enchant weapon
 j - a scroll of fog {unknown}
 l - 6 scrolls of remove curse
 m - a scroll of magic mapping {unknown}
 r - 2 scrolls of teleportation
 z - a scroll of amnesia
 D - 2 scrolls of identify
 H - a scroll of immolation {unknown}
Potions
 i - 2 potions of agility {unknown}
 k - a potion of haste {unknown}
 v - a potion of berserk rage
 x - a potion of lignification {unknown}
 A - 3 potions of heal wounds
 B - 2 potions of brilliance
 E - 2 potions of curing
 O - a potion of flight {unknown}
Books
 K - a book of Battle

   Spells                             Type                      Level
   a - Infusion                       Charms                       1
   b - Shroud of Golubria             Charms/Translocation         2
   c - Song of Slaying                Charms                       2
   d - Spectral Weapon                Hexes/Charms                 3
   e - Regeneration                   Charms/Necromancy            3
Comestibles
 f - 3 bread rations
 o - 4 meat rations
 s - 3 royal jellies
 I - a fruit


   Skills:
 + Level 11.2 Fighting
 + Level 10.9 Axes
 - Level 3.6 Armour
 - Level 3.6 Shields


You had 8 spell levels left.
You didn't know any spells.

Dungeon Overview and Level Annotations

Branches:
Dungeon (8/15)             Temple (1/1) D:4
   Lair: D:8-11

Altars:
Ashenzari
Cheibriados
Dithmenos
Elyvilon
Gozag
Makhleb
Nemelex Xobeh
Okawaru
Qazlal
Ru
Sif Muna
Trog
Uskayaw
Vehumet
Wu Jian
Xom
Yredelemnul
Zin
The Shining One

Shops:
D:5 *   D:6 %

Annotations:
D:7 Grum
D:8 Erica


Innate Abilities, Weirdness & Mutations

You reflexively headbutt those who attack you in melee.
You have a pair of horns on your head.


Message History

You block Grum's attack. You block the wolf's attack.
You are very lightly contaminated with residual magic.
You feel much better. The wolf bites you.
* * * LOW HITPOINT WARNING * * *
Grum hits you but does no damage.
Okay, then.
As you read the scroll of teleportation, it crumbles to dust.
You feel strangely unstable. You block the wolf's attack.
You block the yak's attack. You block Grum's attack.
The wolf bites you but does no damage.
As you read the scroll labeled XOICRY QOUSUO, it crumbles to dust.
It is a scroll of enchant armour.
Your +0 cloak glows green for a moment.
The wolf bites you.
* * * LOW HITPOINT WARNING * * *
You block the yak's attack. Grum closely misses you. You furiously retaliate!
You headbutt Grum. The wolf bites you but does no damage.
You closely miss the yak.
The yak is lightly wounded.
You block the wolf's attack. The yak gores you!
You die...

### ..# #.###########
#....<......######
#.#######........#
#................#
................Y#
##..............@# #####
.........).....gh#
#...##########
#######..........#
###...........
#.####...#.##########.#########.
#.................#.#.# #.
#.####.#.#.##.###.#.#.# #.
##.####.#.#.##.#.....#.# #.
........#.#.##...#...#.# #.
##......#.#.##.#.#...#.# #.


You could see Grum, a yak and a wolf.

Vanquished Creatures
  The ghost of kiturien the Slasher, an amateur MiFi (D:4)
  A yak (D:8)
  The ghost of kiturien the Skirmisher, an amateur HOFi (D:3)
  A hungry ghost (D:8)
  Edmund (D:6)
  A porcupine (D:7)
  An ice beast (D:7)
  An orc warrior (D:7)
  2 ogres
  A necrophage (D:6)
  A crocodile (D:8)
  A big kobold (D:7)
  A killer bee (D:8)
  4 howler monkeys (D:7)
  3 crimson imps
  A jelly (D:7)
  A bullfrog skeleton (D:4)
  A centaur skeleton (D:4)
  A hound (D:4)
  2 orc priests
  2 iguanas
  6 orc wizards
  Natasha (twice) (D:4)
  5 worker ants (D:4)
  A hound zombie (D:5)
  18 adders
  2 shadow imps (D:6)
  An adder skeleton (D:6)
  3 worms
  3 dart slugs
  4 leopard geckos
  34 orcs
  A ball python (D:3)
  6 giant cockroaches
  8 goblins
  10 hobgoblins
  15 jackals
  15 kobolds
  4 quokkas
  12 bats
  3 frilled lizards (D:1)
  A jackal skeleton (D:5)
  A leopard gecko skeleton (D:7)
  A quokka skeleton (D:4)
  A quokka zombie (D:5)
  4 rats
190 creatures vanquished.

Vanquished Creatures (others)
  A wizard (D:5)
  2 fungi (D:8)
  A plant (D:8)
4 creatures vanquished.

Grand Total: 194 creatures vanquished

Notes
Turn   | Place    | Note
-------+----------+-------------------------------------------
     0 | D:1      | mortelune the Minotaur Fighter began the quest for the Orb.
     0 | D:1      | Reached XP level 1. HP: 19/19 MP: 0/0
   293 | D:1      | Reached skill level 4 in Fighting
   299 | D:1      | Reached XP level 2. HP: 27/27 MP: 1/1
   623 | D:1      | Reached XP level 3. HP: 28/34 MP: 2/2
   762 | D:2      | Found a sparkling altar of Nemelex Xobeh.
  1022 | D:2      | Reached skill level 5 in Fighting
  1022 | D:2      | Reached XP level 4. HP: 40/42 MP: 3/3
  1546 | D:3      | Reached XP level 5. HP: 48/48 MP: 4/4
  1562 | D:3      | Reached skill level 5 in Axes
  1768 | D:3      | Noticed kiturien's ghost (amateur HOFi)
  1773 | D:3      | Killed kiturien's ghost
  1773 | D:3      | Reached skill level 6 in Fighting
  1773 | D:3      | Reached XP level 6. HP: 58/58 MP: 5/5
  1865 | D:3      | Noticed a hand axe
  1866 | D:3      | Found a hide-covered altar of Uskayaw.
  1866 | D:3      | Noticed a dagger
  2171 | D:4      | Reached skill level 7 in Fighting
  2208 | D:4      | Reached XP level 7. HP: 43/66 MP: 6/6
  2854 | D:4      | Noticed kiturien's ghost (amateur MiFi)
  2862 | D:4      | Killed kiturien's ghost
  2862 | D:4      | Reached skill level 8 in Fighting
  3187 | D:4      | Noticed Natasha
  3195 | D:4      | Killed Natasha
  3195 | D:4      | Reached XP level 8. HP: 60/75 MP: 7/7
  3245 | D:4      | Found a staircase to the Ecumenical Temple.
  3350 | D:4      | Noticed Natasha
  3356 | D:4      | Killed Natasha
  3417 | Temple   | Entered the Ecumenical Temple
  3452 | Temple   | Became a worshipper of Warmaster Okawaru
  3607 | D:5      | Entered Level 5 of the Dungeon
  3617 | D:5      | Found a bloodstained altar of Trog.
  3620 | D:5      | Noticed a wizard
  3626 | D:5      | Killed a wizard
  3717 | D:5      | Reached skill level 9 in Fighting
  4095 | D:5      | Found Carghuc's Assorted Antiques.
  4971 | D:6      | Got a scorched long sword
  4972 | D:6      | Identified the cursed +1 long sword of Doors {freeze, rN+} (You found it on level 6 of the Dungeon)
  5084 | D:6      | Found Waxyeb's Food Shop.
  5501 | D:6      | Noticed Edmund
  5513 | D:6      | Killed Edmund
  5513 | D:6      | Reached skill level 10 in Fighting
  5638 | D:7      | Reached * piety under Okawaru
  5696 | D:7      | Reached skill level 10 in Axes
  6172 | D:7      | Reached XP level 9. HP: 81/84 MP: 8/8
  7307 | D:8      | Noticed Erica
  7308 | D:8      | Reached skill level 11 in Fighting
  7317 | D:8      | Noticed Grum
  7353 | D:7      | Got a crude ring mail
  7613 | D:7      | Identified the +1 ring mail "Hyhymumi" {rElec Str+7 Int+2 Dex-5} (You took it off an orc on level 7 of the Dungeon)
  7624 | D:7      | HP: 1/87 [wolf[Grum] (9)]
  7628 | D:7      | Slain by a yak

Vault maps used:
D:1:      kennysheep_arrival_seaside
D:2:      nemelex_altar_shiori
D:3:      dancing_weapons_uskayaw
D:4:      minmay_temple_entry_nine_rooms, kennysheep_small_spiral,
          hangedman_minor_gate_pass, uniq_natasha
D:5:      serial_shops, shop, first_bread, hangedman_decor_riveting, trog_wizard
D:6:      serial_shops, nicolae_shop_waterfront, uniq_edmund
D:7:      corexii_shack_village
D:8:      lemuel_ratsnest, minmay_lair_entry_grove, uniq_erica, uniq_grum
Temple:   nicolae_temple_the_god_donut

Skill      XL: |  1  2  3  4  5  6  7  8  9 |
---------------+----------------------------+-----
Fighting       | 4 5 6 7 8 10 11 | 11.2
Axes           | 3 4 5 6 8 10 | 10.9
Armour         | |  3.6
Shields        | |  3.6

Action                   |  1- 3 |  4- 6 |  7- 9 || total
-------------------------+-------+-------+-------++-------
Melee: War axe           |    91 |   131 |     2 ||   224
       Headbutt          |    11 |    27 |    60 ||    98
       Hand axe          |       |       |   112 ||   112
       Long sword        |       |       |   159 ||   159
       Broad axe         |       |       |    23 ||    23
  Use: Scroll            |       |     5 |     8 ||    13
       Potion            |       |     2 |     3 ||     5
  Eat: Chunk             |       |     4 |    18 ||    22
       Fruit             |       |       |     1 ||     1
Armor: Scale mail        |    56 |    70 |    14 ||   140
       Chain mail        |       |       |    74 ||    74
       Ring mail         |       |       |     2 ||     2
Dodge: Dodged            |    36 |    42 |    60 ||   138
Block: Shield            |    61 |    67 |   139 ||   267
       Rpst.: Long sword |       |       |    10 ||    10

Table legend:
 A = Spawn XP
 B = Non-spawn XP
 C = Spawn XP percentage of total XP
 D = Spawn monster count
 E = Non-spawn monster count
 F = Spawn count percentage of total count
 G = Total turns spent on level
                    A         B        C        D         E        F      G
               +---------+---------+-------+---------+---------+-------+---------
         Total |       0 |    3764 |   0.0 |       0 |     190 |   0.0 |  7628
               +---------+---------+-------+---------+---------+-------+---------
           D:1 |       0 |      43 |   0.0 |       0 |      26 |   0.0 |   726
           D:2 |       0 |      99 |   0.0 |       0 |      22 |   0.0 |   665
           D:3 |       0 |     440 |   0.0 |       0 |      40 |   0.0 |   760
           D:4 |       0 |     983 |   0.0 |       0 |      27 |   0.0 |  1353
           D:5 |       0 |     203 |   0.0 |       0 |      17 |   0.0 |  1224
           D:6 |       0 |     537 |   0.0 |       0 |      14 |   0.0 |   890
           D:7 |       0 |     890 |   0.0 |       0 |      38 |   0.0 |  1475
           D:8 |       0 |     569 |   0.0 |       0 |       6 |   0.0 |   432
               +---------+---------+-------+---------+---------+-------+---------
